 Dungeon Crawl Stone Soup version 0.17-a0-1753-g75d4604 (webtiles) character file.

779 Pirate the Poker (level 7, -1/61 HPs)
             Began as a Centaur Fighter on Sept 2, 2015.
             Was a Believer of Okawaru.
             Killed by nerve-wracking pain
             ... invoked by Menkaure
              (12 damage)
             ... on level 5 of the Dungeon.
             The game lasted 00:09:38 (4230 turns).

Pirate the Poker (Centaur Fighter)                  Turns: 4230, Time: 00:09:38

Health: -1/61      AC:  8    Str: 23    XL:     7   Next: 54%
Magic:  0/7        EV: 11    Int:  7    God:    Okawaru [**....]
Gold:   249        SH:  9    Dex: 16    Spells: 0 memorised, 6 levels left

rFire  . . .     SeeInvis .     a - +0 trident
rCold  . . .     Clarity  .     h - +0 ring mail {rN+}
rNeg   + . .     SustAt   .     c - +0 shield
rPois  .         Gourm    .     (no helmet)
rElec  .         Spirit   +     b - +0 cloak
rCorr  .         Warding  .     t - +0 pair of gloves
rMut   .         Stasis   .     (no barding)
MR     .....                    m - amulet of guardian spirit
Stlth  +.........               (no ring)
                                (no ring)

@: mighty, agile, very slightly contaminated, invisible, very quick, not
resistant to hostile enchantments, very unstealthy
A: hooves 3, deformed body, speed 2, tough skin 3
a: Heroism, Renounce Religion


You were on level 5 of the Dungeon.
You worshipped Okawaru.
Okawaru was pleased with you.
You were hungry.

You visited 1 branch of the dungeon, and saw 5 of its levels.

You collected 249 gold pieces.

Inventory:

Hand weapons
 a - a +0 trident (weapon)
Armour
 b - a +0 cloak (worn)
 c - a +0 shield (worn)
 h - a +0 ring mail of positive energy (worn)
 t - a +0 pair of gloves (worn)
Jewellery
 m - an amulet of guardian spirit (around neck)
 o - an uncursed amulet of resist mutation
Magical devices
 e - a wand of teleportation (2)
Scrolls
 f - 3 scrolls of teleportation {unknown}
 g - 2 scrolls of amnesia {unknown}
 j - 5 scrolls of identify {unknown}
 k - a scroll of recharging {unknown}
 l - 3 scrolls of remove curse {unknown}
Potions
 i - a potion of invisibility
 n - a potion of agility
 p - a potion of curing
 q - a potion of brilliance {unknown}
 r - 2 potions of haste {unknown}
 s - 2 potions of resistance {unknown}
 v - a potion of poison {unknown}
 w - a potion of cancellation {unknown}
 x - a potion of berserk rage {unknown}
Comestibles
 u - a beef jerky


   Skills:
 + Level 5.5 Fighting
 * Level 6.6 Polearms
 - Level 2.1 Armour
 - Level 2.1 Shields


You had 6 spell levels left.
You didn't know any spells.

Dungeon Overview and Level Annotations

Branches:
Dungeon (5/15)
 Temple: D:4-7

Altars:
Ashenzari
Nemelex Xobeh
Okawaru
Ru
Yredelemnul

Annotations:
D:5 Dowan, Grinder, Menkaure


Innate Abilities, Weirdness & Mutations

You have hooves in place of feet.
Armour fits poorly on your strangely shaped body.
You cover ground very quickly.
You have extremely tough skin (AC +3).


Message History

A giant gecko comes into view.
Drink which item? (? for menu, Esc to quit)
It was a potion of agility.
You feel agile all of a sudden.
Drink which item? (? for menu, Esc to quit)
It was a potion of curing.
You feel better.
You feel like a meek peon again.
Attack whom?
Press: ? - help, Dir - move target cursor, f - Menkaure
Aim: Menkaure (fast)
Okay, then.
You puncture Menkaure! Your kick misses Menkaure.
Menkaure is heavily damaged.
Menkaure hits you.
* * * LOW HITPOINT WARNING * * *
You puncture Menkaure! You kick Menkaure.
Menkaure is almost destroyed.
Menkaure gestures at you while chanting.
Pain shoots through your body!
You die...

<....##.# .#
###.###.# .# ###
....###.###.# .l# #
....)%......# #.#.#
######..#.######.#.#
#..#..M.......#
.M..########.###
..##.# #M# ..... ..#
#@# ### ### #.# ..#
####


You could see Menkaure and a giant gecko (wandering).

Vanquished Creatures
  Eustachio (D:5)
  A water moccasin (D:5)
  An ogre (D:4)
  A giant frog zombie (D:5)
  4 hounds
  2 orc priests (D:4)
  An orc wizard (D:4)
  A giant frog skeleton (D:4)
  A worker ant (D:4)
  A hound skeleton (D:5)
  8 adders
  An ooze (D:4)
  An adder skeleton (D:4)
  A worm (D:5)
  7 orcs
  2 bats
  4 giant cockroaches
  5 goblins
  4 hobgoblins
  5 giant geckos
  3 giant newts
  A jackal skeleton (D:4)
  3 kobolds
  A quokka skeleton (D:4)
  5 rats
65 creatures vanquished.

Notes
Turn   | Place    | Note
--------------------------------------------------------------
     0 | D:1      | Pirate the Centaur Fighter began the quest for the Orb.
     0 | D:1      | Reached XP level 1. HP: 19/19 MP: 1/1
   419 | D:1      | Reached XP level 2. HP: 8/26 MP: 2/2
   801 | D:2      | Reached XP level 3. HP: 31/31 MP: 3/3
  1606 | D:3      | Found a sacrificial altar of Ru.
  2005 | D:3      | Reached XP level 4. HP: 32/40 MP: 4/4
  2092 | D:4      | Found a sparkling altar of Nemelex Xobeh.
  2092 | D:4      | Found a shattered altar of Ashenzari.
  2101 | D:4      | Found an iron altar of Okawaru.
  2104 | D:4      | Found a basalt altar of Yredelemnul.
  2157 | D:4      | Became a worshipper of Warmaster Okawaru
  2322 | D:4      | Reached skill level 4 in Fighting
  2497 | D:4      | Reached XP level 5. HP: 32/46 MP: 5/5
  3105 | D:4      | Noticed an ogre
  3137 | D:4      | Killed an ogre
  3137 | D:4      | Acquired Okawaru's first power
  3137 | D:4      | Reached skill level 5 in Polearms
  3137 | D:4      | Reached XP level 6. HP: 5/53 MP: 0/6
  3458 | D:5      | Entered Level 5 of the Dungeon
  3648 | D:5      | Noticed Dowan
  3684 | D:5      | Noticed Grinder
  3686 | D:5      | Noticed a water moccasin
  3900 | D:4      | Reached skill level 5 in Fighting
  4127 | D:5      | Noticed Eustachio
  4152 | D:5      | Paralysed by Grinder for 4 turns
  4183 | D:5      | Reached XP level 7. HP: 28/61 MP: 1/7
  4187 | D:5      | Killed Eustachio
  4187 | D:5      | Reached skill level 6 in Polearms
  4206 | D:5      | Killed a water moccasin
  4211 | D:5      | Noticed Menkaure
  4230 | D:5      | Killed from afar by Menkaure

Vault maps used:
D:1:      saegor_arrival_under_anarchy, hex_large
D:3:      lemuel_statue_altar
D:4:      grunt_temple_overflow_open, minmay_cupped
D:5:      minmay_temple_entry_hall, basic_altar, first_bread, uniq_eustachio,
          uniq_duvessa, uniq_grinder, uniq_menkaure

Action                   |  1- 3 |  4- 6 |  7- 9 || total
-------------------------+-------+-------+-------++-------
Melee: Trident           |   141 |   221 |    23 ||   385
Invok: Heroism           |       |     3 |       ||     3
  Use: Potion            |       |       |     4 ||     4
  Eat: Bread ration      |     1 |       |       ||     1
       Chunk             |       |     4 |       ||     4
